 Dungeon Crawl Stone Soup version 0.18.1-47-g9310371 (webtiles) character file.

3697 Vincendra the Basher (level 9, -4/70 HPs)
             Began as a Minotaur Fighter on June 21, 2016.
             Was a Priest of Okawaru.
             Killed by divine providence
             ... invoked by an orc priest
              (15 damage)
             ... on level 8 of the Dungeon.
             The game lasted 00:23:13 (6864 turns).

Vincendra the Basher (Minotaur Fighter)             Turns: 6864, Time: 00:23:14

Health: -4/70      AC: 11    Str: 23    XL:     9   Next: 90%
Magic:  0/8        EV:  9    Int:  5    God:    Okawaru [***...]
Gold:   262        SH: 12    Dex: 11    Spells: 0 memorised, 8 levels left

rFire  + . .     SeeInvis +     a - +1 flail
rCold  + . .     Gourm    .     b - +0 scale mail
rNeg   + . .     Faith    .     c - +0 shield
rPois  +         Spirit   +     F - -2 hat of the Alchemist {rElec rPois rF+ rC+ rN+ MR+ rMut rCorr}
rElec  +         Dismiss  .     (no cloak)
rCorr  +         Reflect  .     r - +2 pair of gloves
rMut   +         Harm     .     (no boots)
SustAt .                        k - amulet of guardian spirit
MR     +....                    p - ring of see invisible
Stlth  ..........               h - +2 ring of protection

@: somewhat resistant to hostile enchantments, extremely unstealthy
A: retaliatory headbutt, horns 2
a: Heroism, Renounce Religion


You were on level 8 of the Dungeon.
You worshipped Okawaru.
Okawaru was most pleased with you.
You were not hungry.

You visited 1 branch of the dungeon, and saw 8 of its levels.
You also visited: Ossuary.

You collected 392 gold pieces.
You spent 130 gold pieces at shops.

Inventory:

Hand Weapons
 a - a +1 flail (weapon)
Armour
 b - a +0 scale mail (worn)
 c - a +0 shield (worn)
 r - a +2 pair of gloves (worn)
 F - the -2 hat of the Alchemist (worn) {rElec rPois rF+ rC+ rN+ MR+ rMut rCorr}
   (You found it on level 6 of the Dungeon)

   It protects you from fire.
   It protects you from cold.
   It insulates you from electricity.
   It protects you from poison.
   It protects you from negative energy.
   It affects your resistance to hostile enchantments.
   It protects you from acid and corrosion.
   It protects you from mutation.
Jewellery
 h - a +2 ring of protection (left hand)
 k - an amulet of guardian spirit (around neck)
 p - a ring of see invisible (right hand)
 v - an uncursed ring of positive energy
 E - an uncursed ring of sustain attributes
Wands
 o - a wand of slowing (14/48)
 q - a wand of paralysis (14/24)
 A - a wand of iceblast (9/15)
 I - a wand of iceblast (6/15)
Scrolls
 d - 2 scrolls of magic mapping {unknown}
 i - 12 scrolls of identify
 j - 2 scrolls of enchant weapon
 l - 3 scrolls of fear
 t - a scroll of remove curse
 u - a scroll of torment {unknown}
 y - a scroll of amnesia
 C - 3 scrolls of teleportation
 H - a scroll of immolation
Potions
 e - 5 potions of heal wounds
 m - 3 potions of magic
 n - a potion of brilliance
 B - a potion of might
 G - 3 potions of agility
 K - a potion of ambrosia {unknown}
 L - 2 potions of curing
Books
 J - a book of Transfigurations

   Spells                             Type                      Level
   a - Irradiate                      Conjuration/Transmutation    5
   b - Statue Form                    Transmutation/Earth          6
   c - Hydra Form                     Transmutation                6
   d - Dragon Form                    Transmutation                7
Comestibles
 f - 4 bread rations
 g - 3 slices of pizza
 s - a beef jerky
 w - 2 chunks of flesh
 x - 4 meat rations
 D - 2 fruits


   Skills:
 - Level 3.6 Fighting
 - Level 10.7 Maces & Flails
 * Level 9.4 Armour
 * Level 10.7 Shields


You had 8 spell levels left.
You didn't know any spells.

Dungeon Overview and Level Annotations

Branches:
Dungeon (8/15)             Temple (0/1) D:6
   Lair: D:8-11

Altars:
Cheibriados
Fedhas
Kikubaaqudgha
Okawaru
Vehumet
Xom

Shops:
D:4 [   D:5 *   D:6 }   D:7 :[[*   D:8 =


Innate Abilities, Weirdness & Mutations

You reflexively headbutt those who attack you in melee.
You have a pair of horns on your head.


Message History

The hill giant hits you with a giant spiked club!!
The orc throws a stone.
The stone hits you but does no damage.
The orc zaps a wand.
You resist with almost no effort.
It is a wand of confusion.
You sock the hill giant!
The hill giant is heavily wounded.
You block the worker ant's attack.
The hill giant hits you with a giant spiked club!!
* * * LOW HITPOINT WARNING * * *
The orc hits you from afar with a trident.
* * * LOW HITPOINT WARNING * * *
The worker ant bites you but does no damage.
The orc throws a stone.
You block the stone.
The worker ant bites you but does no damage.
The orc throws a stone.
You block the stone.
You see here 2 stones.
The orc zaps a wand.
You resist with almost no effort.
The orc priest mumbles some strange prayers to Beogh against you.
Beogh smites you!
You die...

#.........#......## #.#........
#.........#......# #.#.#....##
#.........#......# #.#.######
#.........#......# ##'#.#
#................####....#
#...................'....## ###
#..........##...#####.....####..
##.....###.##.......#...........
#.....'...####@....#...........
#.....#....(.#C....####........
#.....#.####.#ao...####........
#....#### #(#o....#...........
#.#### #.(oo...#........... #.#
#.......#.....>##... ###
#.........#########...
#.##.......# #.## # #.....###
#.#


You could see a hill giant, a worker ant, an orc priest and 3 orcs.

Vanquished Creatures
  The ghost of rftp080 the Slasher, a novice FoAK of Lugonu (Ossuary)
  The ghost of zervinho the Covert, a novice SpEn (D:5)
  The ghost of Malvoorn the Chopper, an amateur HOGl (D:4)
  3 yaks
  A water moccasin (D:6)
  2 ice beasts (D:6)
  2 sky beasts
  3 ogres
  A phantom (D:6)
  A necrophage (D:6)
  2 centaurs
  A big kobold (D:7)
  2 giant frogs
  2 scorpions (D:5)
  A howler monkey (D:6)
  3 crimson imps
  A centaur zombie (Ossuary)
  3 hounds
  An orc priest (D:5)
  A giant frog zombie (D:7)
  4 human zombies (Ossuary)
  A centaur skeleton (D:7)
  3 iguanas
  4 orc wizards
  4 worker ants
  2 mummies (Ossuary)
  A howler monkey zombie (D:6)
  Robin (D:4)
  3 gnolls (D:7)
  10 adders
  2 shadow imps (D:8)
  3 adder zombies
  2 adder skeletons
  2 worms
  A dart slug (D:3)
  5 giant geckos
  28 orcs
  9 bats
  8 giant cockroaches
  7 hobgoblins
  7 jackals (D:3)
  2 quokkas
  A giant gecko skeleton (D:5)
  3 giant newts
  13 goblins
  2 goblin zombies (Ossuary)
  12 hobgoblin zombies (Ossuary)
  A jackal zombie (Ossuary)
  12 kobolds
  8 kobold zombies (Ossuary)
  6 orc zombies (Ossuary)
  A quokka skeleton (D:4)
  7 rats
  A rat zombie (Ossuary)
209 creatures vanquished.

Vanquished Creatures (others)
  An orc priest (D:4)
  An orc (D:4)
  4 goblins (D:4)
  2 hobgoblins (D:4)
  A giant newt (D:4)
9 creatures vanquished.

Grand Total: 218 creatures vanquished

Notes
Turn   | Place    | Note
--------------------------------------------------------------
     0 | D:1      | Vincendra the Minotaur Fighter began the quest for the Orb.
     0 | D:1      | Reached XP level 1. HP: 19/19 MP: 0/0
   252 | D:1      | Reached XP level 2. HP: 24/26 MP: 1/1
   813 | D:2      | Reached XP level 3. HP: 16/31 MP: 2/2
  1082 | D:2      | Found a blossoming altar of Fedhas.
  1500 | D:2      | Reached skill level 5 in Maces & Flails
  1683 | D:3      | Reached XP level 4. HP: 39/39 MP: 3/3
  1856 | D:3      | Found an iron altar of Okawaru.
  1949 | D:3      | Found a snail-covered altar of Cheibriados.
  2295 | D:4      | Noticed an ogre
  2304 | D:4      | Killed an ogre
  2304 | D:4      | Reached XP level 5. HP: 22/45 MP: 1/4
  2310 | D:4      | Noticed Malvoorn's ghost (amateur HOGl)
  2389 | D:4      | Found a shimmering altar of Xom.
  2399 | D:4      | Killed Malvoorn's ghost
  2399 | D:4      | Reached XP level 6. HP: 27/51 MP: 3/5
  2455 | D:4      | Noticed Robin
  2459 | D:4      | Killed Robin
  2930 | D:4      | Found an ancient bone altar of Kikubaaqudgha.
  2942 | D:4      | Reached XP level 7. HP: 51/57 MP: 6/6
  3024 | D:3      | Became a worshipper of Warmaster Okawaru
  3144 | D:4      | Found Nub Udyl's Antique Armour Shop.
  3156 | D:4      | Bought a pair of runed gloves for 130 gold pieces
  3312 | D:5      | Entered Level 5 of the Dungeon
  3312 | D:5      | Noticed zervinho's ghost (novice SpEn)
  3460 | D:5      | Killed zervinho's ghost
  3460 | D:5      | Reached * piety under Okawaru
  3460 | D:5      | Reached skill level 10 in Maces & Flails
  3672 | D:5      | Reached XP level 8. HP: 55/64 MP: 7/7
  3779 | D:5      | Found a radiant altar of Vehumet.
  3994 | D:5      | Reached skill level 5 in Armour
  3994 | D:5      | Reached skill level 5 in Shields
  4348 | D:5      | Found Ehemnast's General Store.
  4629 | D:6      | Reached ** piety under Okawaru
  4851 | D:6      | Found a staircase to the Ecumenical Temple.
  4961 | D:6      | Found Maliamn's Gadget Shop.
  5171 | D:6      | Reached XP level 9. HP: 70/70 MP: 8/8
  5264 | D:7      | Found Urgholl's Antique Armour Shop.
  5341 | D:7      | Found Simiem's Assorted Antiques.
  5342 | D:7      | Found Vehoikiez's Antique Armour Emporium.
  5786 | D:7      | Found Nusoham's Book Shop.
  5978 | D:7      | Reached *** piety under Okawaru
  5989 | D:7      | Gained mutation: You are agile. (Dex +2) [mutagenic meat]
  5992 | D:7      | Gained mutation: You are partially covered in rugged brown scales (AC +1, +3% HP). [mutagenic meat]
  5995 | D:7      | Lost mutation: You are agile. (Dex +2) [potion of mutation]
  5996 | D:7      | Lost mutation: You are partially covered in rugged brown scales (AC +1, +3% HP). [potion of cure mutation]
  6322 | D:8      | Found a sand-covered staircase.
  6331 | Ossuary  | Entered an ossuary
  6337 | Ossuary  | Noticed rftp080's ghost (novice FoAK)
  6348 | Ossuary  | Killed rftp080's ghost
  6348 | Ossuary  | Reached skill level 10 in Shields
  6733 | D:8      | Found Hywat's Jewellery Boutique.
  6855 | D:8      | Noticed a hill giant
  6864 | D:8      | Killed from afar by an orc priest

Skill      XL: |  1  2  3  4  5  6  7  8  9 |
---------------+----------------------------+-----
Maces & Flails | 3 4 5 7 8 9 10 | 10.7
Armour         | 4 7 9 |  9.4
Shields        | 4 7 10 | 10.7
Fighting       | |  3.6

Action                   |  1- 3 |  4- 6 |  7- 9 || total
-------------------------+-------+-------+-------++-------
Melee: Flail             |   112 |   110 |   509 ||   731
       Headbutt          |    15 |    10 |    90 ||   115
Invok: Heroism           |       |       |     3 ||     3
  Use: Scroll            |     7 |       |     7 ||    14
       Potion            |       |     1 |    12 ||    13
  Eat: Chunk             |     3 |     3 |    16 ||    22
       Bread ration      |       |       |     1 ||     1
Armor: Scale mail        |    58 |    58 |   182 ||   298
Dodge: Dodged            |    30 |    27 |   116 ||   173
Block: Shield            |    55 |    70 |   225 ||   350
